Construct Section Command Post
Selects Indian Artillery Battlegroup
Selects Towed ML 4.2-inch Heavy Mortar
Towed ML 4.2-inch Heavy Mortar
Construct Platoon Command Post
Unlock M3 Stuart Light Tanks
Construct Company Command Post
Selects Gurkha Rifles Section
Selects Volunteer Infantry
Selects Off-map Airburst Barrage
Unlock Bishop Self-propelled Artillery
6-pounder Anti-tank Gun Team
Bishop Self-propelled Artillery
Bishop Self-propelled Artillery
Bishop Self-propelled Artillery
Unlock Towed 17-pounder Anti-tank Guns
Unlock M3 Grant Medium Tanks
17-pounder Anti-tank Gun Team